[Event "Mort2215s: 10 Euro playmoney, 11 players"]
[Site "www.chessgamble.com"]
[Date "2020.11.03"]
[Round "1"]
[White "Nexus"]
[Black "Frankfurter"]
[Result "1-0"]
[WhiteElo "1911"]
[BlackElo "1738"]
[TimeControl "10/864000"]
[Mode "ICS"]

1. e4 Nf6 2. e5 Nd5 3. d4 d6 4. c4 Nb6 5. f4 dxe5 6. fxe5 Bf5 7. Nf3 Nc6 8. d5 Nb4 9. Nd4 e6 10. Nc3 Bg6 11. a3 Na6 12. dxe6 Qe7 13. Nd5 Qh4+ 14. g3 Qe4+ 15. Ne2 Nxc4 16. exf7+ Bxf7 17. Qa4+ c6 18. e6 Qxh1 19. Nf6+ gxf6 20. exf7+ Kxf7 21. Qxc4+ Ke7 22. Nf4 Bg7 23. h3 Kf8 24. Ne6+ Kf7 25. Nd8+ Ke7 26. Nxb7 Nc7 27. Bf4 Nd5 28. O-O-O Kf7 29. Nd6+ 1-0

[Event "Mort2215s: 10 Euro playmoney, 11 players"]
[Site "www.chessgamble.com"]
[Date "2020.11.03"]
[Round "1"]
[White "Lev"]
[Black "Frankfurter"]
[Result "1-0"]
[WhiteElo "1986"]
[BlackElo "1738"]
[TimeControl "10/864000"]
[Mode "ICS"]

1. d4 d5 2. c4 dxc4 3. Nf3 Nf6 4. Nc3 a6 5. e4 b5 6. e5 Nd5 7. a4 Nxc3 8. bxc3 Qd5 9. g3 Bb7 10. Bg2 Qd7 11. e6 Qxe6+ 12. Be3 Be4 13. Ng5 Qf6 14. Nxe4 Qf5 15. O-O c6 16. g4 Qe6 17. Nc5 1-0

[Event "Mort2215s: 10 Euro playmoney, 11 players"]
[Site "www.chessgamble.com"]
[Date "2020.11.03"]
[Round "1"]
[White "Frankfurter"]
[Black "Lev"]
[Result "0-1"]
[WhiteElo "1738"]
[BlackElo "1986"]
[TimeControl "10/864000"]
[Mode "ICS"]

1. e4 c6 2. d4 d5 3. Nc3 dxe4 4. Nxe4 Nd7 5. Nf3 Ndf6 6. Nc5 b6 7. Nd3 Bf5 8. Bf4 Nd5 9. Nfe5 Bxd3 10. Qxd3 f6 11. Qc4 fxe5 12. Qxc6+ Kf7 13. Bc4 e6 14. Bxe5 Rc8 15. Qb7+ Nge7 16. Bd3 Kg8 17. O-O Nb4 18. Qxa7 Nxd3 19. cxd3 Rc2 20. b3 Nc6 21. Qc7 Be7 22. Qxd8+ Nxd8 23. a4 Rc3 24. Rfb1 Nf7 25. h3 Nxe5 26. dxe5 Kf7 27. a5 bxa5 28. Rxa5 Rxd3 29. Ra7 Rd5 30. f4 Rd2 31. Kh2 Rc8 32. h4 Rcc2 33. Rg1 h5 34. Kh3 g6 35. b4 Rb2 36. b5 Rb3+ 37. g3 Rf2 38. Rc1 Rxf4 39. Kg2 Rb2+ 40. Kh3 Rff2 41. Rh1 Rxb5 42. Re1 Rbb2 43. Rh1 Rbe2 44. Ra5 Rf5 45. Ra7 Rff2 46. Rc7 Rxe5 47. 0-1

[Event "Mort2215s: 10 Euro playmoney, 11 players"]
[Site "www.chessgamble.com"]
[Date "2020.11.03"]
[Round "1"]
[White "Frankfurter"]
[Black "baller"]
[Result "0-1"]
[WhiteElo "1738"]
[BlackElo "1944"]
[TimeControl "10/864000"]
[Mode "ICS"]

1. e4 c6 2. d4 d5 3. exd5 cxd5 4. c4 Nf6 5. Nc3 e6 6. Bf4 dxc4 7. Bxc4 Nc6 8. Nf3 Bb4 9. a3 Bd6 10. Ne5 O-O 11. O-O Be7 12. Qd2 Qxd4 13. Qxd4 Nxd4 14. Bd3 Nd5 15. Bg3 f6 16. Nc4 Nxc3 17. bxc3 Nb5 18. Rfc1 Bc5 19. a4 Rd8 20. Bxh7+ Kxh7 21. axb5 e5 22. Rd1 Be6 23. Rxd8 Rxd8 24. Ra4 Rd1#

[Event "Mort2215s: 10 Euro playmoney, 11 players"]
[Site "www.chessgamble.com"]
[Date "2020.11.03"]
[Round "1"]
[White "baller"]
[Black "Frankfurter"]
[Result "1-0"]
[WhiteElo "1944"]
[BlackElo "1738"]
[TimeControl "10/864000"]
[Mode "ICS"]

1. e4 c6 2. d4 d5 3. exd5 cxd5 4. c4 Nf6 5. Nc3 e6 6. Nf3 Nc6 7. c5 Ne4 8. Nxe4 dxe4 9. Ng5 Be7 10. Nxe4 O-O 11. Be3 Qd5 12. Nc3 Qf5 13. Bd3 Qf6 14. Ne4 Qg6 15. O-O f5 16. Nd6 Bd7 17. Qb3 Bxd6 18. cxd6 Na5 19. Qb4 b6 20. Rac1 Nc6 21. Qb5 Rac8 22. h3 Rfd8 23. Qa4 Ne5 24. Bb5 Nf3+ 25. Kh1 Bxb5 26. Qxb5 Nh4 27. g3 Nf3 28. d7 Rb8 29. Qc6 Qh5 30. Qxe6+ Kh8 31. Kg2 f4 32. g4 Qb5 33. Bxf4 Ng5 34. Bxg5 Qxg5 35. Rc8 Ra8 36. Qe8+ Rxe8 37. dxe8=Q#

[Event "Mort2215s: 10 Euro playmoney, 11 players"]
[Site "www.chessgamble.com"]
[Date "2020.11.03"]
[Round "1"]
[White "BuchnerF"]
[Black "FrankP"]
[Result "1-0"]
[WhiteElo "2121"]
[BlackElo "1525"]
[TimeControl "10/864000"]
[Mode "ICS"]

1. d4 d5 2. c4 e6 3. Nc3 Nf6 4. Nf3 c5 5. cxd5 exd5 6. Bg5 c4 7. e4 dxe4 8. Ne5 Qa5 9. Bxc4 Be6 10. Bxe6 fxe6 11. Bxf6 gxf6 12. Qh5+ Kd8 13. Nf7+ Kc8 14. Qxa5 1-0

[Event "Mort2215s: 10 Euro playmoney, 11 players"]
[Site "www.chessgamble.com"]
[Date "2020.11.03"]
[Round "1"]
[White "FrankP"]
[Black "BuchnerF"]
[Result "0-1"]
[WhiteElo "1525"]
[BlackElo "2121"]
[TimeControl "10/864000"]
[Mode "ICS"]

1. e4 c6 2. d4 d5 3. exd5 cxd5 4. c4 Nf6 5. Nc3 Nc6 6. c5 Bf5 7. Bg5 Ne4 8. h4 Nxg5 9. hxg5 e5 10. dxe5 d4 11. Qf3 dxc3 12. Qxf5 Qd2#

[Event "Mort2215s: 10 Euro playmoney, 11 players"]
[Site "www.chessgamble.com"]
[Date "2020.11.03"]
[Round "1"]
[White "Nexus"]
[Black "BuchnerF"]
[Result "0-1"]
[WhiteElo "1911"]
[BlackElo "2121"]
[TimeControl "10/864000"]
[Mode "ICS"]

1. e4 e6 2. d4 d5 3. Nc3 Nf6 4. Bg5 Be7 5. Nf3 Nxe4 6. Nxe4 dxe4 7. Bb5+ c6 8. O-O exf3 9. Bxe7 Qxe7 10. Bd3 fxg2 11. 0-1

[Event "Mort2215s: 10 Euro playmoney, 11 players"]
[Site "www.chessgamble.com"]
[Date "2020.11.03"]
[Round "1"]
[White "BuchnerF"]
[Black "Nexus"]
[Result "1-0"]
[WhiteElo "2121"]
[BlackElo "1911"]
[TimeControl "10/864000"]
[Mode "ICS"]

1. e4 Nf6 2. e5 Nd5 3. d4 d6 4. c4 Nb6 5. exd6 exd6 6. Nf3 Qe7+ 7. Be3 Bf5 8. d5 N8d7 9. Nc3 Ne5 10. Nxe5 dxe5 11. c5 Nd7 12. c6 bxc6 13. g4 Bg6 14. dxc6 Nb6 15. Nd5 Qd6 16. Nxb6 axb6 17. Qxd6 Bxd6 18. Bg2 O-O 19. O-O Rfd8 20. Rfd1 Ra4 21. Bf3 f6 22. Bd5+ Kh8 23. f3 Bc2 24. Rd2 Bg6 25. Bb3 Ra5 26. Rad1 h5 27. Bxb6 Rb5 28. Bxc7 Bc5+ 29. Kf1 Rxd2 30. Rxd2 hxg4 31. Rd8+ Kh7 32. fxg4 Be4 33. Rc8 Bf3 34. g5 Bxc6 35. Bxe5 fxe5 36. Bc2+ g6 37. Rxc6 Be3 38. Bxg6+ Kg7 39. b3 Rc5 40. Rxc5 Bxc5 41. Be4 Bb4 42. h4 Be7 43. Kf2 Kg8 44. a4 Kf7 45. a5 Bb4 46. a6 Bc5+ 47. Ke2 Kg7 48. h5 Kg8 49. h6 1-0

[Event "Mort2215s: 10 Euro playmoney, 11 players"]
[Site "www.chessgamble.com"]
[Date "2020.11.03"]
[Round "1"]
[White "BuchnerF"]
[Black "Lev"]
[Result "1-0"]
[WhiteElo "2121"]
[BlackElo "1986"]
[TimeControl "10/864000"]
[Mode "ICS"]

1. e4 e5 2. Bc4 Nf6 3. Nc3 d5 4. exd5 c6 5. Qe2 Qd6 6. d4 Nbd7 7. dxc6 bxc6 8. Nf3 Ng4 9. h3 Nh6 10. O-O Be7 11. dxe5 Qg6 12. e6 fxe6 13. Bxe6 Kf8 14. Nd4 Nc5 15. Re1 Bxe6 16. Nxe6+ Qxe6 17. Qxe6 Nxe6 18. Rxe6 Nf5 19. Rxc6 Nd4 20. Rc7 Nxc2 21. Rb1 Bd6 22. Rd7 Be5 23. Nd5 h5 24. Bf4 Bxf4 25. Nxf4 Rh6 26. Rc1 Rc8 27. Rxa7 Rc5 28. Rd1 Rc8 29. Rdd7 g5 30. Rf7+ 1-0

[Event "Mort2215s: 10 Euro playmoney, 11 players"]
[Site "www.chessgamble.com"]
[Date "2020.11.03"]
[Round "1"]
[White "baller"]
[Black "BuchnerF"]
[Result "0-1"]
[WhiteElo "1944"]
[BlackElo "2121"]
[TimeControl "10/864000"]
[Mode "ICS"]

1. d4 d5 2. c4 e6 3. Nc3 Nf6 4. Bg5 Be7 5. e3 O-O 6. Nf3 Nbd7 7. h3 h6 8. Bf4 c5 9. Bd3 Nb6 10. cxd5 Nbxd5 11. Bg3 cxd4 12. Nxd4 Nxc3 13. bxc3 Qa5 14. Qc2 e5 15. Nb3 Qc7 16. O-O Bd7 17. c4 Nh5 18. Bh2 f5 19. Qc3 Bd6 20. Rad1 b6 21. Be2 Nf6 22. Bf3 Rac8 23. Qc2 Be6 24. Qd3 Rfd8 25. Bd5 Qf7 26. f4 exf4 27. exf4 Bxd5 28. cxd5 Nxd5 29. Rd2 Bb4 30. Rc2 Rxc2 31. Qxc2 Ne3 32. Qb1 Qg6 33. 0-1

[Event "Mort2215s: 10 Euro playmoney, 11 players"]
[Site "www.chessgamble.com"]
[Date "2020.11.03"]
[Round "1"]
[White "BuchnerF"]
[Black "baller"]
[Result "1-0"]
[WhiteElo "2121"]
[BlackElo "1944"]
[TimeControl "10/864000"]
[Mode "ICS"]

1. e4 c6 2. d4 d5 3. Nc3 dxe4 4. Nxe4 Nf6 5. Nxf6+ gxf6 6. Bc4 b5 7. Bf1 e5 8. a4 Qa5+ 9. c3 Nd7 10. dxe5 Nxe5 11. Be3 Nc4 12. Qf3 Qd8 13. Qe4+ Be6 14. Qxc6+ Bd7 15. Qe4+ Be6 16. Rd1 Bd6 17. Bxc4 1-0

[Event "Mort2215s: 10 Euro playmoney, 11 players"]
[Site "www.chessgamble.com"]
[Date "2020.11.03"]
[Round "1"]
[White "FrankP"]
[Black "Nexus"]
[Result "0-1"]
[WhiteElo "1525"]
[BlackElo "1911"]
[TimeControl "10/864000"]
[Mode "ICS"]

1. d4 d5 2. c4 e6 3. Nc3 Nf6 4. Bg5 Be7 5. e3 O-O 6. Nf3 Nbd7 7. b3 Ne4 8. Nxe4 dxe4 9. Bxe7 Qxe7 10. Nd2 f5 11. c5 Nf6 12. g3 b6 13. Qc2 Bb7 14. Bb5 e5 15. Bc4+ Nd5 16. Bxd5+ Bxd5 17. dxe5 Qxe5 18. Rc1 Bf7 19. O-O Rad8 20. cxb6 axb6 21. Qxc7 Qd6 22. Qxd6 Rxd6 23. Rfd1 Ra8 24. a4 Bh5 25. g4 Bxg4 26. f3 exf3 27. Nc4 f2+ 28. 0-1

[Event "Mort2215s: 10 Euro playmoney, 11 players"]
[Site "www.chessgamble.com"]
[Date "2020.11.03"]
[Round "1"]
[White "Nexus"]
[Black "FrankP"]
[Result "1-0"]
[WhiteElo "1911"]
[BlackElo "1525"]
[TimeControl "10/864000"]
[Mode "ICS"]

1. d4 d5 2. c4 e6 3. Nc3 Nf6 4. Bg5 h6 5. Bxf6 gxf6 6. e3 Nc6 7. cxd5 exd5 8. Nf3 Qd7 9. h3 Bb4 10. a3 Ba5 11. b4 Nxb4 12. axb4 Bxb4 13. Qb3 Qd6 14. Bd3 Qe7 15. g4 c6 16. O-O Qd6 17. Ne2 Rg8 18. Nf4 f5 19. Rfb1 fxg4 20. Qxb4 gxf3+ 21. Kf1 Qxb4 22. Rxb4 f6 23. Rba4 a6 24. Ke1 b5 25. R4a3 Rg5 26. Kd2 Rg2 27. Bg6+ Kd7 28. Bf5+ Ke7 29. Bxc8 Rxc8 30. Nxg2 fxg2 31. Rxa6 b4 32. Ra7+ Kd6 33. Rg7 Re8 34. Rxg2 1-0

[Event "Mort2215s: 10 Euro playmoney, 11 players"]
[Site "www.chessgamble.com"]
[Date "2020.11.03"]
[Round "1"]
[White "Lev"]
[Black "FrankP"]
[Result "1-0"]
[WhiteElo "1986"]
[BlackElo "1525"]
[TimeControl "10/864000"]
[Mode "ICS"]

1. d4 e6 2. e4 d5 3. Nc3 a6 4. e5 c5 5. Nf3 b5 6. a4 b4 7. Ne2 cxd4 8. Nexd4 Ne7 9. Be2 Nbc6 10. O-O Nxd4 11. Nxd4 Qb6 12. Be3 Qc7 13. f4 Rg8 14. a5 g6 15. Qd3 Bh6 16. Bd2 Qc5 17. Be3 Bd7 18. Nxe6 Qc6 19. Nc5 Qb5 20. Qd2 Rg7 21. Bxb5 1-0

[Event "Mort2215s: 10 Euro playmoney, 11 players"]
[Site "www.chessgamble.com"]
[Date "2020.11.03"]
[Round "1"]
[White "FrankP"]
[Black "Lev"]
[Result "0-1"]
[WhiteElo "1525"]
[BlackElo "1986"]
[TimeControl "10/864000"]
[Mode "ICS"]

1. d4 d5 2. c4 dxc4 3. Nf3 Nf6 4. e3 e6 5. Bxc4 c5 6. O-O a6 7. dxc5 Bxc5 8. Qd2 O-O 9. Nc3 b5 10. Bd3 Bb7 11. Bc2 Nc6 12. Qxd8 Rfxd8 13. Bd2 Nb4 14. Bb3 Rac8 15. h4 Bxf3 16. 0-1

[Event "Mort2215s: 10 Euro playmoney, 11 players"]
[Site "www.chessgamble.com"]
[Date "2020.11.03"]
[Round "1"]
[White "FrankP"]
[Black "baller"]
[Result "0-1"]
[WhiteElo "1525"]
[BlackElo "1944"]
[TimeControl "10/864000"]
[Mode "ICS"]

1. e4 e5 2. Bc4 Nc6 3. Qf3 d5 4. Bxd5 Nf6 5. d3 Bb4+ 6. c3 Nd4 7. Qd1 c6 8. cxb4 cxd5 9. f3 dxe4 10. dxe4 O-O 11. Qd2 Be6 12. b3 Rc8 13. Bb2 Rc2 14. Qg5 Rxb2 15. 0-1

[Event "Mort2215s: 10 Euro playmoney, 11 players"]
[Site "www.chessgamble.com"]
[Date "2020.11.03"]
[Round "1"]
[White "baller"]
[Black "FrankP"]
[Result "1-0"]
[WhiteElo "1944"]
[BlackElo "1525"]
[TimeControl "10/864000"]
[Mode "ICS"]

1. d4 d5 2. c4 e6 3. Nc3 Nf6 4. Nf3 c5 5. Bf4 dxc4 6. e4 cxd4 7. Nxd4 Bd6 8. Nxe6 Bxe6 9. Qxd6 Qxd6 10. Bxd6 Nc6 11. Rd1 Rg8 12. Be2 Rd8 13. O-O b6 14. f4 h6 15. f5 Rxd6 16. Rxd6 Bd7 17. Bxc4 Rh8 18. Bb5 Na5 19. Bxd7+ Nxd7 20. Rfd1 Nf8 21. Rd8+ Ke7 22. Ra8 Nc6 23. Rc8 Ne5 24. Rc7+ 1-0

[Event "Mort2215s: 10 Euro playmoney, 11 players"]
[Site "www.chessgamble.com"]
[Date "2020.11.03"]
[Round "1"]
[White "Nexus"]
[Black "Lev"]
[Result "1-0"]
[WhiteElo "1911"]
[BlackElo "1986"]
[TimeControl "10/864000"]
[Mode "ICS"]

1. d4 d5 2. c4 dxc4 3. Nf3 Nf6 4. e3 e6 5. Bxc4 c5 6. O-O a6 7. dxc5 Bxc5 8. Qxd8+ Kxd8 9. Rd1+ Ke8 10. a4 Nc6 11. Bd2 Bd7 12. Bc3 Bb4 13. Be2 Bxc3 14. Nxc3 Ke7 15. Rac1 Rhd8 16. Ng5 h6 17. Nge4 Be8 18. Nc5 Rab8 19. Rxd8 Kxd8 20. Rd1+ Ke7 21. Bf3 Kf8 22. h3 Na5 23. b4 Nc6 24. b5 Na5 25. bxa6 bxa6 26. Nxa6 Rb3 27. Rc1 Rb2 28. Nc5 g6 29. Ra1 Nd7 30. Nxd7+ Bxd7 31. Ne4 Bc6 32. Nd6 Bxf3 33. gxf3 Rd2 34. Ne4 Rc2 35. Kg2 f5 36. Ng3 g5 37. Rb1 Ra2 38. Rb4 Ke7 39. Rd4 Nc6 40. Rc4 Ne5 41. Rd4 Nc6 42. Rc4 Ne5 43. Rc7+ Kd6 44. Ra7 Nc6 45. Ra8 Kd5 46. e4+ Ke5 47. Ra6 Nd4 48. Ra5+ Kd6 49. e5+ Kc6 50. Ra6+ Kb7 51. Rd6 Rxa4 52. Nh5 Kc7 53. Ng7 h5 54. Nxe6+ Nxe6 55. Rxe6 Ra5 56. Kg3 h4+ 57. Kg2 Kd7 58. Rd6+ Ke7 59. Rg6 Rxe5 60. Rxg5 Kf6 61. Rh5 Re2 62. Rxh4 Kg6 63. Kg3 Kf6 64. Rh8 f4+ 65. Kg2 Rb2 66. Rd8 Kg5 67. Rd5+ Kh4 68. Rd4 Kg5 69. Rd5+ Kg6 70. h4 Rb4 71. h5+ Kh6 72. Rc5 Rb2 73. Ra5 Rb4 74. Rc5 Ra4 75. Rb5 Ra2 76. Rf5 Ra4 77. Rd5 Ra3 78. Rf5 Ra4 79. Kh3 Ra2 80. Kg4 Rxf2 81. Rf6+ Kg7 82. Rb6 Rh2 83. h6+ Kf7 84. Kf5 Rh5+ 85. Kg4 Rh2 86. Rc6 Ke7 87. Ra6 Rh1 88. Rg6 Kf7 89. Ra6 Rh2 90. Kf5 Rh5+ 91. Kg4 Rh1 92. Ra7+ Kg6 93. Ra6+ Kh7 94. Kg5 Rg1+ 95. Kf5 Rg3 96. Ke4 Rh3 97. Rf6 Rh4 98. Rb6 Rh5 99. Ra6 Rh3 100. Re6 Rh5 101. Rd6 Rh3 102. Rb6 Rh1 103. Rc6 Rh5 104. Rf6 Rh4 105. Re6 Rh5 106. Rc6 Rh4 107. Rd6 Rh3 108. Kxf4 Rh5 109. Kg4 Rh2 110. f4 Rg2+ 111. Kf5 Rg1 112. Ke5 Re1+ 113. Kf5 Re2 114. Rc6 Rg2 115. Rc7+ Kxh6 116. Ke5 Re2+ 117. Kf6 Kh5 118. f5 Kg4 119. Kg6 Re8 120. f6 Rg8+ 121. Kf7 Rg5 122. Ke6 Rf5 123. Rc8 Rf2 124. f7 Re2+ 125. Kf6 1-0

[Event "Mort2215s: 10 Euro playmoney, 11 players"]
[Site "www.chessgamble.com"]
[Date "2020.11.03"]
[Round "1"]
[White "Lev"]
[Black "Nexus"]
[Result "1-0"]
[WhiteElo "1986"]
[BlackElo "1911"]
[TimeControl "10/864000"]
[Mode "ICS"]

1. d4 d5 2. c4 e6 3. Nc3 Nf6 4. Bg5 Be7 5. e3 O-O 6. Nf3 h6 7. Bh4 Ne4 8. Bxe7 Qxe7 9. Bd3 Qb4 10. Qb3 Qa5 11. Qb5 Qxb5 12. Nxb5 Na6 13. Ne5 b6 14. Bxe4 dxe4 15. Nc6 Bd7 16. Nbxa7 Nb8 17. Ne7+ Kh8 18. Nb5 Bxb5 19. cxb5 Re8 20. Nc6 Nxc6 21. bxc6 Kh7 22. a4 e5 23. dxe5 Rxe5 24. Kd2 Rc5 25. Rhc1 Rd5+ 26. Kc3 Rd3+ 27. Kc2 Kg6 28. Rd1 Rxd1 29. Kxd1 Rd8+ 30. Ke2 Rd6 31. Rc1 Kf5 32. f3 exf3+ 33. gxf3 g5 34. b3 f6 35. Rc4 h5 36. b4 g4 37. a5 bxa5 38. bxa5 gxf3+ 39. Kxf3 Rd2 40. h4 Ra2 41. Rc5+ Kg6 42. Rb5 Rc2 43. a6 Ra2 44. Rb7 Rxa6 45. Rxc7 Ra4 46. e4 Ra3+ 47. Kf4 Rh3 48. Rd7 Rxh4+ 49. Ke3 Rh1 50. Kd2 Ra1 51. c7 1-0

[Event "Mort2215s: 10 Euro playmoney, 11 players"]
[Site "www.chessgamble.com"]
[Date "2020.11.03"]
[Round "1"]
[White "baller"]
[Black "Nexus"]
[Result "1-0"]
[WhiteElo "1944"]
[BlackElo "1911"]
[TimeControl "10/864000"]
[Mode "ICS"]

1. d4 d5 2. c4 e6 3. Nc3 Nf6 4. Bg5 Be7 5. e3 O-O 6. Nf3 Nbd7 7. Qc2 Nb6 8. c5 Nc4 9. a4 h6 10. Bxf6 Bxf6 11. b3 Na5 12. Bd3 Bd7 13. O-O Re8 14. Ne5 Bxe5 15. dxe5 Qh4 16. f4 b6 17. cxb6 cxb6 18. Bh7+ Kf8 19. Bd3 Rec8 20. Rf3 Nb7 21. Rh3 Qe7 22. Ba6 Qb4 23. Rc1 Rab8 24. Rg3 Rc6 25. Bb5 Rc7 26. Bxd7 Rxd7 27. Qh7 Qa3 28. Qxg7+ Ke8 29. Qh8+ Qf8 30. Rg8 1-0

[Event "Mort2215s: 10 Euro playmoney, 11 players"]
[Site "www.chessgamble.com"]
[Date "2020.11.03"]
[Round "1"]
[White "Nexus"]
[Black "baller"]
[Result "0-1"]
[WhiteElo "1911"]
[BlackElo "1944"]
[TimeControl "10/864000"]
[Mode "ICS"]

1. d4 d5 2. c4 e6 3. Nc3 Nf6 4. cxd5 exd5 5. Bg5 Bb4 6. Qa4+ Nc6 7. e3 O-O 8. a3 Bxc3+ 9. bxc3 h6 10. Bxf6 Qxf6 11. Qb5 Ne7 12. Qc5 c6 13. Be2 b6 14. Qb4 c5 15. dxc5 Nc6 16. Qb3 bxc5 17. Kf1 Be6 18. Bd3 d4 19. Qc2 dxe3 20. Bh7+ Kh8 21. Rd1 Bb3 22. 0-1

[Event "Mort2215s: 10 Euro playmoney, 11 players"]
[Site "www.chessgamble.com"]
[Date "2020.11.03"]
[Round "1"]
[White "Lev"]
[Black "baller"]
[Result "0-1"]
[WhiteElo "1986"]
[BlackElo "1944"]
[TimeControl "10/864000"]
[Mode "ICS"]

1. d4 d5 2. c4 e6 3. Nc3 Nf6 4. Bg5 Be7 5. e3 O-O 6. Nf3 h6 7. Bh4 b6 8. Qc2 Ba6 9. Ne5 dxc4 10. Bxc4 Bxc4 11. Nxc4 Nc6 12. Bxf6 Bxf6 13. Qe4 Qd7 14. O-O a6 15. a4 Rfe8 16. f3 e5 17. d5 Na5 18. Nxa5 bxa5 19. Qc4 Reb8 20. Rf2 Rb4 21. Qc5 Be7 22. Qxa5 Rb3 23. Rb1 Bb4 24. 0-1

[Event "Mort2215s: 10 Euro playmoney, 11 players"]
[Site "www.chessgamble.com"]
[Date "2020.11.03"]
[Round "1"]
[White "baller"]
[Black "Lev"]
[Result "0-1"]
[WhiteElo "1944"]
[BlackElo "1986"]
[TimeControl "10/864000"]
[Mode "ICS"]

1. e4 e6 2. d4 d5 3. Nd2 Nf6 4. exd5 exd5 5. Ngf3 Qe7+ 6. Qe2 Bf5 7. Kd1 Nbd7 8. Nh4 Bg4 9. f3 Be6 10. g4 O-O-O 11. Qb5 g5 12. Ng2 h5 13. h4 a6 14. Qa5 hxg4 15. a3 Nb6 16. f4 Ne4 17. Nxe4 dxe4 18. fxg5 Rxd4+ 19. Bd2 Bg7 20. Kc1 Rhd8 21. 0-1